 Dungeon Crawl Stone Soup version 0.26-a0-244-g083ca260ac (webtiles) character file.

Game seed: 17041889173458837909

1089 BritishOli the Ducker (level 8, -11/62 HPs)
             Began as a Demonspawn Gladiator on July 8, 2020.
             Was a Follower of Okawaru.
             Mangled by an orc knight
             ... wielding a +0 war axe
              (14 damage)
             ... in a bailey.
             The game lasted 00:06:58 (6115 turns).

BritishOli the Ducker (Demonspawn Gladiator)        Turns: 6115, Time: 00:06:58

Health: -11/62     AC: 11    Str: 14 (16) XL:     8   Next: 9%
Magic:  8/8        EV: 11    Int:  9 (10) God:    Okawaru [*.....]
Gold:   384        SH:  0    Dex: 14 (15) Spells: 7/7 levels left

rFire    . . .     SeeInvis .   a - +1 long sword
rCold    . . .     Faith    .   (no shield)
rNeg     . . .     Spirit   .   j - +1 scale mail
rPois    .         Reflect  .   (helmet restricted)
rElec    .         Harm     .   B - +2 cloak
rCorr    +                      (no gloves)
MR       .....                  (no boots)
Stlth    ..........             t - amulet of regeneration
HPRegen  0.60/turn              s - ring of resist corrosion
MPRegen  0.11/turn              (no ring)

@: mighty, marked, stab
A: antennae 2, claws 2, hooves 1, demonic guardian 1
a: Heroism, Renounce Religion


You were in a bailey.
You worshipped Okawaru.
Okawaru was aware of your devotion.
You were not hungry.

You visited 2 branches of the dungeon, and saw 8 of its levels.
You also visited: Ossuary and Bailey.

You collected 384 gold pieces.

Inventory:

Hand Weapons
 a - a +1 long sword (weapon)
Missiles
 d - 3 throwing nets (quivered)
Armour
 c - a +0 helmet
 j - a +1 scale mail (worn)
 B - a +2 cloak (worn)
Jewellery
 s - a ring of resist corrosion (left claw)
 t - an amulet of regeneration (around neck)
Wands
 z - a wand of enslavement (8)
 A - a wand of polymorph (10)
Scrolls
 b - 2 scrolls of remove curse
 e - 4 scrolls of enchant weapon
 m - 2 scrolls of teleportation
 n - 2 scrolls of blinking {unknown}
 o - a scroll of magic mapping {unknown}
 r - 3 scrolls of amnesia {unknown}
 u - 5 scrolls of identify
 w - a scroll of torment {unknown}
 y - a scroll of fog {unknown}
Potions
 g - 2 potions of stabbing
 h - a potion of mutation {unknown}
 i - a potion of brilliance {unknown}
 k - a potion of resistance {unknown}
 l - a potion of degeneration
 p - a potion of cancellation {unknown}
 q - 4 potions of heal wounds {unknown}
 v - 2 potions of curing {unknown}
Comestibles
 x - 2 rations


   Skills:
 + Level 5.0 Fighting
 + Level 5.0 Long Blades
 - Level 2.0 Throwing
 + Level 4.1 Armour
 + Level 5.1 Dodging


You had 7 spell levels left.
You didn't know any spells.
Your spell library was empty.

Dungeon Overview and Level Annotations

Branches:
Dungeon (7/15)             Temple (1/1) D:4         Ossuary (visited)
 Bailey (1/1)

Altars:
Ashenzari
Cheibriados
Dithmenos
Elyvilon
Hepliaklqana
Kikubaaqudgha
Okawaru
Sif Muna
Uskayaw
Wu Jian
Xom
Yredelemnul
Zin
The Shining One

Shops:
D:4 *


Innate Abilities, Weirdness & Mutations

You have a pair of antennae on your head.
You have very sharp fingernails.
You have large cloven feet.
A weak demonic guardian rushes to your aid.


Message History

Your white imp barely misses the orc knight.
You feel very mighty all of a sudden. The orc knight barely misses you.
The orc knight hits your white imp with a +0 war axe!!
Your white imp dies!
The hobgoblin misses you.
It was a potion of degeneration.
There was something very wrong with that liquid.
You feel weakened.
You feel dopey.
You feel clumsy.
The orc knight hits you but does no damage.
An orc comes into view. It is wielding a +0 hand axe.
It was a potion of stabbing.
You feel ready to backstab.
The orc knight no longer looks unusually strong.
The goblin hits you with a +0 hand axe.
* * * LOW HITPOINT WARNING * * *
The hobgoblin hits you with a +0 hand axe.
* * * LOW HITPOINT WARNING * * *
The orc knight hits you with a +0 war axe!
You die...

.≈K
##≈.≈##
K≈o≈K{
#≈g≈##
≈o≈{
##'##
##.∩o##
#8.go8#
##.g@##
##8##
###


You could see 2 orc knights, an orc warrior (strong), a gnoll, an orc (strong),
a hobgoblin, a goblin and a kobold.

Vanquished Creatures
  Edmund (D:6)
  An ogre (D:6)
  3 elf zombies (Ossuary)
  A bullfrog (D:4)
  A scorpion (D:4)
  2 centaur zombies (Ossuary)
  An orc priest (D:5)
  Crazy Yiuf (D:6)
  2 hounds (D:5)
  An iguana (D:6)
  A worker ant (D:7)
  A hound zombie (D:5)
  A hound skeleton (D:5)
  3 mummies
  Robin (D:2)
  A worker ant zombie (D:3)
  6 adders
  A shadow imp (D:5)
  A white imp (D:6)
  2 oozes
  A worm (D:3)
  3 dart slugs
  2 leopard geckos (D:6)
  6 orcs
  8 bats
  5 giant cockroaches
  10 goblins
  8 hobgoblins
  4 kobolds
  3 ball pythons
  6 frilled lizards
  12 hobgoblin zombies (Ossuary)
  3 jackal zombies (Ossuary)
  9 kobold zombies (Ossuary)
  A leopard gecko skeleton (D:5)
  8 orc zombies (Ossuary)
  2 rats (D:3)
123 creatures vanquished.

Vanquished Creatures (others)
  An orc warrior (Bailey)
1 creature vanquished.

Grand Total: 124 creatures vanquished

Notes
Turn   | Place    | Note
-------+----------+-------------------------------------------
     0 | D:1      | BritishOli the Demonspawn Gladiator began the quest for the
                  | Orb.
     0 | D:1      | Reached XP level 1. HP: 16/16 MP: 1/1
     4 | D:1      | Noticed a minotaur
     4 | D:1      | Noticed an ogre
     6 | D:1      | Noticed a human
     6 | D:1      | Noticed a naga
     9 | D:1      | Noticed a demonspawn
     9 | D:1      | Noticed a demigod
    11 | D:1      | Noticed a felid
    11 | D:1      | Noticed a formicid
    13 | D:1      | Noticed a halfling
    13 | D:1      | Noticed a dwarf
    15 | D:1      | Noticed a centaur
    17 | D:1      | Noticed an elf
    17 | D:1      | Noticed a merfolk
    19 | D:1      | Noticed a draconian
    21 | D:1      | Noticed a spriggan
    21 | D:1      | Noticed a vampire
    23 | D:1      | Noticed a vine stalker
    23 | D:1      | Noticed a tengu
    25 | D:1      | Noticed a ghoul
    25 | D:1      | Noticed an octopode
    27 | D:1      | Noticed a troll
    27 | D:1      | Noticed a gargoyle
   558 | D:1      | Gained mutation: You have sharp fingernails. [demonic
                  | ancestry]
   558 | D:1      | Reached XP level 2. HP: 22/22 MP: 2/2
  1314 | D:2      | Reached XP level 3. HP: 23/28 MP: 3/3
  1372 | D:2      | Reached skill level 1 in Armour
  1743 | D:2      | Noticed Robin
  1750 | D:2      | Gained mutation: You have very sharp fingernails. [demonic
                  | ancestry]
  1750 | D:2      | Reached XP level 4. HP: 29/34 MP: 4/4
  1772 | D:2      | Killed Robin
  1773 | D:2      | HP: 1/34 [goblin[Robin] (1)]
  2897 | D:3      | Found a glowing golden altar of the Shining One.
  3040 | D:3      | Found a shadowy altar of Dithmenos.
  3139 | D:3      | Gained mutation: You have large cloven feet. [demonic
                  | ancestry]
  3139 | D:3      | Reached XP level 5. HP: 31/41 MP: 5/5
  3914 | D:4      | Found a staircase to the Ecumenical Temple.
  3995 | Temple   | Entered the Ecumenical Temple
  4008 | Temple   | Became a worshipper of Warmaster Okawaru
  4134 | D:4      | Found Mob Yjad's Assorted Antiques.
  4248 | D:5      | Entered Level 5 of the Dungeon
  4260 | D:5      | Found a sand-covered staircase.
  4266 | D:5      | Gained mutation: You have a pair of small antennae on your
                  | head. [demonic ancestry]
  4266 | D:5      | Reached XP level 6. HP: 37/47 MP: 6/6
  4271 | Ossuary  | Entered an ossuary
  4653 | Ossuary  | Gained mutation: You have a pair of antennae on your head.
                  | [demonic ancestry]
  4653 | Ossuary  | Reached XP level 7. HP: 32/54 MP: 7/7
  5271 | D:6      | Reached * piety under Okawaru
  5418 | D:6      | Noticed Edmund
  5436 | D:6      | Killed Edmund
  5581 | D:6      | Found a runed translucent door.
  5582 | D:6      | Noticed Crazy Yiuf
  5680 | D:6      | Killed Crazy Yiuf
  5912 | D:7      | Reached skill level 5 in Dodging
  5912 | D:7      | Gained mutation: A weak demonic guardian rushes to your
                  | aid. [demonic ancestry]
  5912 | D:7      | Reached XP level 8. HP: 60/61 MP: 8/8
  6036 | D:7      | Found a flagged portal.
  6044 | Bailey   | Entered a bailey
  6099 | Bailey   | Noticed an orc knight
  6101 | Bailey   | Noticed an orc knight
  6108 | Bailey   | Reached skill level 5 in Fighting
  6108 | Bailey   | Reached skill level 5 in Long Blades
  6115 | Bailey   | HP: 3/62 [hobgoblin/+0 hand axe (3)]
  6115 | Bailey   | Mangled by an orc knight

Illustrated notes

Levels and vault maps discovered:
D:1:      kb_arrival_jail, layout_loops_corners
D:2:      layout_basic, uniq_robin
D:3:      layout_rooms, nicolae_overflow_hidden_temple
D:4:      layout_loops_ring, minmay_temple_entry_hall, serial_shops,
          nicolae_shop_temple_entry_statues_fountains, kennysheep_generic_room_3
D:5:      wander_river, layout_rooms, first_ration, gup_ossuary_entry_pyramid
D:6:      layout_rooms, uniq_crazy_yiuf_cottage, uniq_edmund
D:7:      layout_layer_cave, chequers_temple_overflow_minitemple,
          enter_bailey_2, grunt_livestock, uniq_menkaure
Temple:   nicolae_temple_no_exploring_needed
Bailey:   bailey_axe_1, bailey

Skill      XL: |  1  2  3  4  5  6  7  8 |
---------------+-------------------------+-----
Throwing       | 2 |  2.0
Long Blades    | 3 4 5 |  5.0
Armour         | 1 2 3 4 |  4.1
Dodging        | 3 4 5 |  5.1
Fighting       | 3 4 5 |  5.0

Action                   |  1- 3 |  4- 6 |  7- 9 || total
-------------------------+-------+-------+-------++-------
Melee: Long sword        |    97 |   216 |   106 ||   419
       Kick              |       |    52 |    52 ||   104
Evoke: Wand              |       |       |     5 ||     5
  Use: Scroll            |       |     6 |     1 ||     7
       Potion            |       |       |     3 ||     3
  Eat: Ration            |     1 |     2 |     2 ||     5
Armor: Scale mail        |    55 |    99 |    38 ||   192
       Leather armour    |     1 |       |       ||     1
Dodge: Dodged            |    63 |   127 |    71 ||   261
       Rpst.: Long sword |    22 |    43 |    21 ||    86

Table legend:
 A = Non-vault XP
 B = Vault XP
 C = Vault XP percentage of total XP
 D = Non-vault monster count
 E = Vault monster count
 F = Vault count percentage of total count
                 A         B        C        D         E       F
            +---------+---------+-------+---------+---------+-------
      Total |     742 |     814 |  52.3 |      70 |      54 |  43.5
            +---------+---------+-------+---------+---------+-------
        D:1 |      21 |       0 |   0.0 |      12 |       0 |   0.0
        D:2 |      88 |      35 |  28.5 |      19 |      11 |  36.7
        D:3 |      55 |       0 |   0.0 |      14 |       0 |   0.0
        D:4 |     165 |       0 |   0.0 |       6 |       0 |   0.0
        D:5 |     196 |      18 |   8.4 |      10 |       1 |   9.1
        D:6 |     175 |     204 |  53.8 |       6 |       2 |  25.0
        D:7 |      42 |       0 |   0.0 |       3 |       0 |   0.0
    Ossuary |       0 |     458 | 100.0 |       0 |      39 | 100.0
     Bailey |       0 |      99 | 100.0 |       0 |       1 | 100.0
            +---------+---------+-------+---------+---------+-------
